Map: Acropolis LE

Players

Mez

  • Race: Terran Terran
  • League: Master
  • Spawn Location: 5:00

Tofik - Winner!

  • Race: Protoss Protoss
  • League: Master
  • Spawn Location: 11:00

VOD

Have the link to the VOD?

Description

Time

  • Played on: Aug. 21, 2019, 8:23 p.m.
  • Length: 7:40
Show
View Real Time Build Order
Export as new Build Order

Mez Terran 

Build Orders: Reaper Expand 

Get SALT Encoding   

  12  0:01  SCV  
  13  0:13  SCV  
  14  0:17  Supply Depot  
  14  0:25  SCV  
  15  0:39  SCV  
  15  0:40  Barracks  
  16  0:45  Refinery  
  16  0:51  SCV  
  17  1:03  SCV  
  18  1:15  SCV  
  19  1:28  Orbital Command, Reaper  
  20  1:40  Command Center  
  20  1:54  Bunker  
  20  1:55  Supply Depot  
  20  1:58  SCV  
  21  2:03  Marine  
  22  2:11  SCV  
  23  2:22  Barracks Reactor  
  23  2:23  SCV  
  24  2:36  Command Center  
  24  2:39  SCV  
  23  2:48  Factory  
  23  3:00  Marine x2  
  25  3:07  SCV  
  26  3:17  Marine  
  26  3:19  SCV  
  29  3:32  SCV  
  28  3:42  Barracks Reactor  
  28  3:44  Widow Mine, SCV  
  28  3:45  Starport  
  30  3:48  Orbital Command, Refinery  
  30  3:56  SCV  
  30  4:02  Orbital Command  
  31  4:08  SCV  
  32  4:19  SCV  
  32  4:20  Marine x2, SCV  
  36  4:32  SCV x2  
  36  4:34  Starport Tech Lab  
  36  4:35  Factory Tech Lab  
  38  4:39  SCV  
  38  4:44  Refinery, SCV x2  
  41  4:49  Barracks  
  41  4:50  Marine x2  
  41  4:51  Barracks, SCV  
  44  4:57  SCV x2  
  49  5:00  Raven  
  49  5:04  SCV  
  49  5:09  Refinery, SCV  
  49  5:10  Marine x2  
  49  5:13  Widow Mine  
  54  5:14  SCV  
  54  5:16  SCV  
  53  5:21  SCV  
  53  5:26  SCV  
  54  5:31  Marine x2  
  54  5:35  Siege Tank  
  56  5:41  SCV x3  
  58  5:48  Barracks Tech Lab  
  58  5:53  SCV x2  
  58  5:54  Starport Reactor, SCV  
  58  5:55  Engineering Bay  
  58  5:56  Stimpack, Engineering Bay  
  61  6:02  Marine x2  
  61  6:03  Marauder  
  60  6:20  Marine  
  61  6:34  Factory Reactor  
  61  6:44  Supply Depot x2  
  61  6:45  Supply Depot  
  61  6:46  Marine  
  61  6:47  Supply Depot, Medivac x2, SCV, Marauder  
  69  6:50  Barracks  
  69  6:52  Barracks  
  69  6:55  SCV  
  69  6:56  Marine  
  69  6:57  Marauder, SCV  
  64  7:04  Marine  
  52  7:08  Marauder  
  52  7:09  SCV  
  52  7:14  Marine  
  43  7:18  Marauder  
Show
View Real Time Build Order
Export as new Build Order

Tofik Protoss - Winner!

Build Orders:  

Get SALT Encoding   

  12  0:01  Probe  
  13  0:13  Probe  
  14  0:18  Pylon  
  14  0:25  Probe  
  15  0:37  Probe  
  16  0:49  Probe  
  17  0:51  Pylon  
  17  1:01  Assimilator  
  17  1:03  Probe  
  18  1:09  Gateway  
  18  1:15  Probe  
  19  1:28  Probe  
  20  1:40  Probe  
  20  1:41  Nexus  
  20  1:47  Zealot  
  21  1:59  Cybernetics Core  
  23  2:05  Zealot  
  23  2:09  Assimilator  
  23  2:10  Probe  
  25  2:23  Probe  
  25  2:27  Stalker  
  28  2:48  Probe, Stalker  
  27  2:56  Warp Gate  
  27  2:57  Robotics Facility  
  29  2:58  Probe  
  29  3:00  Probe  
  31  3:11  Probe  
  31  3:12  Probe  
  33  3:23  Probe  
  33  3:24  Probe  
  33  3:25  Gateway x2  
  33  3:27  Stalker  
  33  3:38  Probe x2  
  37  3:42  Pylon  
  37  3:50  Probe  
  37  3:51  Observer  
  37  3:52  Robotics Bay  
  37  3:53  Probe  
  41  4:02  Probe  
  41  4:06  Probe  
  41  4:21  Probe  
  39  4:33  Probe, Disruptor  
  39  4:35  Pylon  
  40  4:39  Probe  
  44  4:46  Probe, Stalker x3  
  44  4:51  Assimilator  
  44  4:52  Probe  
  52  4:53  Assimilator  
  52  4:55  Pylon  
  52  4:58  Pylon, Probe  
  53  5:04  Probe  
  54  5:07  Gateway  
  54  5:10  Stalker x3  
  60  5:18  Probe x2  
  62  5:34  Stalker x2  
  62  5:41  Probe x2  
  64  5:46  Gateway  
  64  5:48  Gateway  
  64  5:49  Gateway  
  64  5:50  Gateway  
  64  5:52  Pylon, Sentry  
  66  5:59  Disruptor  
  60  6:07  Stalker  
  60  6:08  Stalker  
  63  6:14  Probe x2  
  65  6:18  Pylon  
  65  6:20  Zealot x2  
  69  6:32  Stalker x2  
  73  6:42  Zealot x3  
  73  6:44  Stalker  
  73  6:46  Sentry  
  81  7:05  Stalker x4  
  81  7:06  Zealot  
  81  7:32  Stalker  
  81  7:33  Stalker x5  
Tags
 
Add a new tag
Caveats
  • Supply blocks, unpowered buildings, or Contaminate may cause inaccurate times.
  • Supply counts are checked every 10 seconds.